 Dungeon Crawl Stone Soup version 0.25.0-26-g0c896c7088 (webtiles) character file.

Game seed: 10969689378359807622

56 DiceMaster the Grasshopper (level 3, -4/31 HPs)
             Began as a Gnoll Warper on July 2, 2020.
             Killed from afar by Sigmund (5 damage)
             ... with a magic dart
             ... on level 2 of the Dungeon.
             The game lasted 00:05:31 (2149 turns).

DiceMaster the Grasshopper (Gnoll Warper)           Turns: 2149, Time: 00:05:32

Health: -4/31      AC:  4    Str: 11 (13) XL:     3   Next: 97%
Magic:  9/9        EV: 13    Int: 14 (16) God:
Gold:   95         SH:  0    Dex: 12 (14) Spells: 12/12 levels left

rFire    . . .     SeeInvis .   a - +0 short sword
rCold    . . .     Gourm    .   (no shield)
rNeg     . . .     Faith    .   b - +0 leather armour
rPois    .         Spirit   .   g - +0 helmet
rElec    .         Reflect  .   (no cloak)
rCorr    .         Harm     .   (no gloves)
MR       .....                  (no boots)
Stlth    +.........             (no amulet)
HPRegen  0.10/turn              (no ring)
MPRegen  0.11/turn              (no ring)

@: no status effects
A: distributed training, fangs 1, strong nose
a: no special abilities


You were on level 2 of the Dungeon.
You were not hungry.

You visited 1 branch of the dungeon, and saw 2 of its levels.

You collected 95 gold pieces.

Inventory:

Hand Weapons
 a - a +0 short sword (weapon)
Missiles
 e - 5 boomerangs of dispersal (quivered)
Armour
 b - a +0 leather armour (worn)
 g - a +0 helmet (worn)
Scrolls
 c - 2 scrolls of random uselessness {unknown}
 d - a scroll of blinking
 k - a scroll of remove curse {unknown}
 m - a scroll of identify {unknown}
 o - a scroll of teleportation {unknown}
 p - a scroll of enchant weapon {unknown}
 r - a scroll of fog {unknown}
Potions
 h - a potion of curing
 i - a potion of stabbing {unknown}
 j - a potion of invisibility {unknown}
 l - a potion of mutation {unknown}
 q - 2 potions of degeneration
 s - a potion of heal wounds {unknown}
Comestibles
 f - 2 rations
 n - 2 chunks of flesh


   Skills:
 + Level 4.6 Fighting
 + Level 4.6 Short Blades
 + Level 1.0 Long Blades
 + Level 1.0 Axes
 + Level 1.0 Maces & Flails
 + Level 1.0 Polearms
 + Level 1.0 Staves
 + Level 1.0 Slings
 + Level 1.0 Bows
 + Level 1.0 Crossbows
 + Level 2.6 Throwing
 + Level 2.6 Armour
 + Level 4.6 Dodging
 + Level 1.0 Stealth
 + Level 1.0 Shields
 + Level 1.0 Unarmed Combat
 + Level 5.0 Spellcasting
 + Level 0.7 Conjurations
 + Level 0.7 Hexes
 + Level 0.7 Charms
 + Level 0.7 Summonings
 + Level 0.7 Necromancy
 + Level 5.4 Translocations
 + Level 0.7 Transmutations
 + Level 0.7 Fire Magic
 + Level 0.7 Ice Magic
 + Level 0.7 Air Magic
 + Level 0.7 Earth Magic
 + Level 0.7 Poison Magic
 + Level 1.0 Invocations
 + Level 1.0 Evocations


You had 12 spell levels left.
You didn't know any spells.
Your spell library contained the following spells:

 Spells                   Type           Power        Failure   Level  Hunger
 Blink                    Tloc           N/A          3%          2    ##.....
 Gell's Gravitas          Tloc           ###.......   8%          3    ###....
 Lesser Beckoning         Tloc           ###.......   8%          3    ###....
 Teleport Other           Tloc           ###.....     8%          3    ###....
 Shroud of Golubria       Chrm/Tloc      ##....       10%         2    ##.....
 Passage of Golubria      Tloc           N/A          24%         4    ####...


Dungeon Overview and Level Annotations

Branches:
Dungeon (2/15)

Altars:

Annotations:
D:2 Sigmund


Innate Abilities, Weirdness & Mutations

Your experience applies equally to all skills.
You have very sharp teeth.
Your uncanny sense of smell can sniff out nearby items.


Message History

Sigmund is almost dead.
Sigmund closely misses you.
You closely miss Sigmund.
Sigmund is almost dead.
You hit Sigmund.
Sigmund is almost dead.
Sigmund casts a spell at you. The puff of flame misses you.
You completely miss Sigmund.
Sigmund is almost dead.
Sigmund casts a spell.
Sigmund flickers and vanishes!
Deactivating autopickup; reactivate with Ctrl-A.
You hit something but do no damage. Something barely misses you.
You closely miss something. You hit something.
You hear some strange, mumbled words.
A magic dart appears from out of thin air!
The magic dart hits you.
You die...

#.# #. ####.####
..#..... .#
#.#.#### ####.#
#.#.## #.....
#....###
#.##.##.###.......
#{##.#...........#
#@##.##.###.#.....
#.##........#.####
#....########.#
####.# ##+## #.#
##...## ##.#
##.....## ##..#
##.......#
##...####.........
#.......'.........


There were no monsters in sight!

Vanquished Creatures
  Terence (D:2)
  An adder (D:1)
  A worm (D:2)
  2 dart slugs
  4 goblins
  5 kobolds
  A quokka (D:2)
  A bat (D:1)
  2 frilled lizards (D:2)
18 creatures vanquished.

Notes
Turn   | Place    | Note
-------+----------+-------------------------------------------
     0 | D:1      | DiceMaster the Gnoll Warper began the quest for the Orb.
     0 | D:1      | Reached XP level 1. HP: 20/20 MP: 6/6
   145 | D:1      | HP: 1/20 [dart slug (2)]
   948 | D:2      | Reached XP level 2. HP: 24/26 MP: 7/7
  1518 | D:2      | Noticed Terence
  1539 | D:2      | Killed Terence
  1539 | D:2      | Reached skill level 5 in Spellcasting
  1539 | D:2      | Reached skill level 1 in Invocations
  1539 | D:2      | Reached XP level 3. HP: 11/31 MP: 7/9
  1944 | D:2      | Reached skill level 1 in Long Blades
  1944 | D:2      | Reached skill level 1 in Axes
  1944 | D:2      | Reached skill level 1 in Maces & Flails
  1944 | D:2      | Reached skill level 1 in Polearms
  1944 | D:2      | Reached skill level 1 in Staves
  1944 | D:2      | Reached skill level 1 in Slings
  1944 | D:2      | Reached skill level 1 in Bows
  1944 | D:2      | Reached skill level 1 in Crossbows
  1944 | D:2      | Reached skill level 1 in Stealth
  1944 | D:2      | Reached skill level 1 in Shields
  1944 | D:2      | Reached skill level 1 in Unarmed Combat
  1944 | D:2      | Reached skill level 1 in Evocations
  2105 | D:2      | Noticed Sigmund
  2141 | D:2      | HP: 1/31 [Sigmund/+0 scythe (1)]
  2149 | D:2      | Killed from afar by Sigmund

Illustrated notes

Levels and vault maps discovered:
D:1:      ncdulo_wetmaze, layout_loops_ring, skrybe_limestone_x,
          palyth_stone_intersect
D:2:      layout_loops_corners, uniq_sigmund, uniq_terence

Skill      XL: |  1  2  3 |
---------------+----------+-----
Spellcasting   | 5 |  5.0
Invocations    | 1 |  1.0
Long Blades    | 1 |  1.0
Axes           | 1 |  1.0
Maces & Flails | 1 |  1.0
Polearms       | 1 |  1.0
Staves         | 1 |  1.0
Slings         | 1 |  1.0
Bows           | 1 |  1.0
Crossbows      | 1 |  1.0
Stealth        | 1 |  1.0
Shields        | 1 |  1.0
Unarmed Combat | 1 |  1.0
Evocations     | 1 |  1.0
Fighting       | |  4.6
Short Blades   | |  4.6
Throwing       | |  2.6
Armour         | |  2.6
Dodging        | |  4.6
Conjurations   | |  0.7
Hexes          | |  0.7
Charms         | |  0.7
Summonings     | |  0.7
Necromancy     | |  0.7
Translocations | |  5.4
Transmutations | |  0.7
Fire Magic     | |  0.7
Ice Magic      | |  0.7
Air Magic      | |  0.7
Earth Magic    | |  0.7
Poison Magic   | |  0.7

Action                   || total
-------------------------++-------
Melee: Short sword       ||   143
       Bite              ||    19
  Use: Potion            ||     2
 Stab: Sleeping          ||     1
  Eat: Chunk             ||     4
Armor: Leather armour    ||    27
Dodge: Dodged            ||    73
